 Dungeon Crawl Stone Soup version 0.30-a0-867-g305f33218d (webtiles) character file.

Game seed: 14711248345262816777

26919 freelancePsychic the Fighter (level 14, -12/116 HPs)
             Began as a Meteoran Air Elementalist on Mar 10, 2023.
             Was a High Priest of Hepliaklqana.
             Collided with a briar patch (18 damage)
             ... caused by a swamp worm
             ... on level 2 of the Lair of Beasts.
             The game lasted 00:38:59 (4667 turns).

freelancePsychic the Fighter (MeAE)                 Turns: 4667, Time: 00:38:59

Health: -12/116    AC:  6    Str:  9    XL:     14   Next: 0%
Magic:  19/29      EV:  8    Int: 30    God:    Hepliaklqana [*****.]
Gold:   421        SH:  0    Dex: 18    Spells: 26/33 levels left

rFire   + + .      SeeInvis +    H - staff of air
rCold   . . .      Faith    .    (no shield)
rNeg    . . .      Spirit   .    G - +0 acid dragon scales
rPois   .          Reflect  .    (no helmet)
rElec   +          Rampage  .    I - -2 cloak of Context {Harm rElec rF++ Regen+}
rCorr   +          Harm     + .  a - +0 pair of gloves of Riexoud {Regen+ Int+4}
Will    +....                    (no boots)
Stlth   +                        C - amulet of regeneration
HPRegen 2.79/turn                L - ring of Atutiquz {Int+6 SInv}
MPRegen 0.21/turn                (no ring)

@: held, glowing
A: reduced essence, sense surroundings 2, otherworldly, glowing, explore regen
a: Renounce Religion, Recall Ancestor, Ancestor Identity, Transference, Idealise


You were on level 2 of the Lair of Beasts.
You worshipped Hepliaklqana.
Hepliaklqana was extremely pleased with you.
You visited 2 branches of the dungeon, and saw 13 of its levels.
You also visited: Gauntlet.

You collected 421 gold pieces.

Inventory:

Hand Weapons
 k - a +0 dagger
 s - a +1 scimitar of flaming
 A - a +2 morningstar of protection
 E - a -1 demon whip of venom
Armour
 a - the +0 pair of gloves of Riexoud (worn) {Regen+ Int+4}
   (You found it on level 1 of the Lair of Beasts)

   Int:       It affects your intelligence (+4).
   Regen:     It increases your rate of health regeneration.
 F - a +0 kite shield
 G - +0 acid dragon scales (worn)
 I - the -2 cloak of Context (worn) {Harm rElec rF++ Regen+}
   (You found it in a Gauntlet)

   rF:        It greatly protects you from fire.
   rElec:     It insulates you from electricity.
   Regen:     It increases your rate of health regeneration.
   Harm:      It increases damage dealt and taken.
Magical Staves
 H - a staff of air (weapon)
 K - a staff of conjuration
Jewellery
 g - the ring "Aguiz" {Fire rPois}
   (You found it on level 5 of the Dungeon)

   [ring of fire]

   It enhances your fire magic.
   rF:        It protects you from fire.
   rC:        It makes you vulnerable to cold.
   rPois:     It protects you from poison.
 i - a ring of ice
 B - an amulet of guardian spirit
 C - an amulet of regeneration (around neck)
 L - the ring of Atutiquz (left hand) {Int+6 SInv}
   (You found it in a Gauntlet)

   [ring of see invisible]

   Int:       It affects your intelligence (+6).
   SInv:      It lets you see invisible.
Wands
 b - a wand of mindburst (9)
 w - a wand of paralysis (13)
 D - a wand of quicksilver (4)
 N - a wand of flame (10)
Scrolls
 c - 4 scrolls of magic mapping
 e - a scroll of blinking {unknown}
 f - 2 scrolls of noise
 l - 2 scrolls of fear
 m - a scroll of enchant armour {unknown}
 n - 2 scrolls of teleportation {@r4}
 o - a scroll of vulnerability
 u - 2 scrolls of brand weapon
 x - 2 scrolls of immolation
 P - a scroll of amnesia
 S - a scroll of enchant weapon
Potions
 d - a potion of degeneration
 h - 2 potions of attraction {unknown}
 j - a potion of ambrosia {unknown}
 r - 2 potions of resistance {unknown}
 t - 2 potions of haste {unknown}
 v - a potion of flight {unknown}
 z - a potion of heal wounds {unknown}
 O - a potion of magic
 Q - a potion of might {unknown}
Miscellaneous
 M - a box of beasts


   Skills:
 + Level 13.3 Fighting
 - Level 6.0 Staves
 - Level 9.9 Dodging
 - Level 1.4 Stealth
 - Level 4.6 Shields
 - Level 10.3 Spellcasting
 - Level 1.2 Conjurations
 + Level 12.2 Air Magic
 - Level 8.1 Invocations
 + Level 7.5 Evocations


You had 26 spell levels left.
You knew the following spells:

 Your Spells              Type           Power      Damage    Failure   Level
a - Shock                 Conj/Air       100%       1d9       1%          1
b - Static Discharge      Conj/Air       100%       2-7/arc   1%          2
c - Airstrike             Air            46%        2d(7-23)  1%          4

Your spell library contained the following spells:

 Spells                   Type           Power      Damage    Failure   Level
 Swiftness                Air            93%        N/A       1%          3
 Anguish                  Hex/Necr       7%         N/A       50%         4
 Summon Ice Beast         Ice/Summ       15%        N/A       50%         4
 Summon Mana Viper        Hex/Summ       15%        N/A       83%         5
 Enfeeble                 Hex            7%         N/A       100%        7
 Monstrous Menagerie      Summ           7%         N/A       100%        7


Dungeon Overview and Level Annotations

Branches:
Dungeon (11/15) Zot: 2662  Temple (0/1) D:4            Lair (2/5) D:11 Zot: 757
 Shoals (0/4) Lair:2      Gauntlet (visited)
  Snake: Lair:2-3    Spider: Lair:2-3       Orc: D:9-12

Altars:
Ashenzari
Elyvilon
Fedhas
Hepliaklqana
Ru
Sif Muna
Xom

Shops:
D:3 =   D:4 [   D:7 (

Annotations:
D:3 Grinder
D:10 Gastronok
Lair:2 1 transporter


Innate Abilities, Weirdness & Mutations

Your life essence is reduced to manifest your ancestor. (-10% HP)
You passively map the area around you.
You are easily found by Zot.
You glow in the dark.
You regain HP and MP as you explore.


Message History

You destroy the briar patch!
You are engulfed in dark miasma.
You are poisoned.
You feel very sick.
You feel very sick.
The swamp worm fires a harpoon shot at you.
The harpoon shot hits you but does no damage.
As you read the scroll of fear, it crumbles to dust.
You assume a fearsome visage.
The swamp worm looks frightened! x3
You feel very sick.
Ziggy hits the briar patch with a +0 flail.
Really walk into that net trap?
Okay, then.
Okay, then.
Really walk into that net trap?
You become entangled in the net!
You feel very sick.
Cornered, the swamp worm turns to fight!
Ziggy hits the briar patch with a +0 flail!
Cornered, the swamp worm turns to fight! x2
There is a net trap here.
You see here a throwing net.
You struggle against the net.
You feel sick.
You struggle against the net.
You feel sick.
Ziggy hits the briar patch with a +0 flail!
The briar patch is destroyed!
The swamp worm fires a harpoon shot at you.
The harpoon shot hits you!
* * * LOW HITPOINT WARNING * * *
You are yanked forward by the harpoon shot.
You collide with the briar patch!
The briar patch is moderately damaged.
* * * LOW HITPOINT WARNING * * *
You feel better.
The swamp worm fires a harpoon shot at you.
The harpoon shot hits you!
* * * LOW HITPOINT WARNING * * *
You are yanked forward by the harpoon shot.
You collide with the briar patch!
The briar patch is destroyed!
You die...

#.....<#######.....# *, *
#P......#..##.....## , , #*
##.................# *## .
#.................###P.#. #
##..#########......>.....
#######P..##w#♣#w##........##**
.........##§§§≈#≈≈####.<..P#*
.........#§PP.R☼.P#)[#.....P#
........©#§§§^^^@°+(©#©....## ,
.#.P.#...#PPP§○.PP#$"#.....#
#######..##§§§#≈≈≈####.....# *
#P...#♣#w#♣#w# ....... *
##...##### ## ,.......# * *
#######........ .. P##....## ,,
#.##.#.........# ##. ,, , ,,
................ .# , ,
............... ,# ,,


You could see the friendly Ziggy the knight and 4 swamp worms.

Vanquished Creatures
  A minotaur (Gauntlet)
  Fannar (D:10)
  A catoblepas (Lair:1)
  2 two-headed ogres
  Amaemon (D:10)
  A wizard (Gauntlet)
  2 harpies (Lair:2)
  An ugly thing (D:11)
  A cyclops (D:11)
  A gargoyle (D:10)
  A rime drake (Lair:1)
  An orange demon (D:10)
  Psyche (D:11)
  3 cane toads
  A minotaur zombie (Gauntlet)
  4 komodo dragons
  2 kobold demonologists (D:11)
  A hornet (D:7)
  Prince Ribbit (D:7)
  A vampire (D:10)
  37 yaks
  4 wyverns
  A wraith (D:10)
  2 basilisks (D:11)
  A steam dragon (D:5)
  8 vampire mosquitoes (D:11)
  A swamp worm (Gauntlet)
  4 acid dragons
  6 water moccasins
  3 orc warriors
  A sky beast (D:6)
  3 wolves (Lair:1)
  An ogre (D:6)
  2 centaurs
  3 kobold brigands
  2 bullfrogs
  2 scorpions
  3 wights
  4 killer bees
  3 howler monkeys (D:10)
  3 hounds
  4 orc priests
  Ijyb (D:3)
  4 iguanas
  A jelly (D:8)
  A sleepcap (D:7)
  6 orc wizards
  4 gnolls
  6 adders
  A shadow imp (Gauntlet)
  A white imp (Gauntlet)
  A worm (D:2)
  A dart slug (D:2)
  16 orcs
  A ball python (D:1)
  4 bats
  2 endoplasms
  2 giant cockroaches
  3 goblins
  2 hobgoblins (D:2)
  A quokka (D:3)
  A frilled lizard (D:2)
  10 kobolds
  2 rats (D:3)
  A briar patch (Lair:2)
198 creatures vanquished.

Vanquished Creatures (collateral kills)
  A two-headed ogre (D:10)
  A wizard (Gauntlet)
  A harpy (Lair:2)
  An oklob plant (Gauntlet)
  A torpor snail (Lair:1)
  An unseen horror (D:10)
  A kobold demonologist (D:11)
  A wyvern (D:10)
  11 yaks
  A vampire mosquito (D:11)
  A swamp worm (Gauntlet)
  An ice beast (D:5)
  2 orc warriors (D:8)
  An ogre (D:5)
  A kobold brigand (D:11)
  2 bullfrogs
  A scorpion (D:6)
  A wight (D:9)
  5 killer bees
  3 howler monkeys
  2 orc priests
  A hound (D:6)
  An orc wizard (D:9)
  3 gnolls
  A white imp (Gauntlet)
  8 orcs
  2 jackals (D:2)
  5 kobolds (D:11)
  A quokka (D:4)
  A ball python (D:1)
  3 briar patches (Lair:2)
66 creatures vanquished.

Vanquished Creatures (others)
  4 knights
  A quokka (D:10)
  2 ancestors
  2 briar patches (Lair:2)
  7 fungi
  A plant (Lair:1)
17 creatures vanquished.

Grand Total: 281 creatures vanquished

Notes
Turn   | Place    | Note
-------+----------+-------------------------------------------
     0 | D:1      | freelancePsychic the Meteoran Air Elementalist began the
                  | quest for the Orb.
     0 | D:1      | Reached XP level 1. HP: 14/14 MP: 5/5
    10 | D:1      | Found a faded altar of an unknown god.
    16 | D:1      | Prayed at the altar of an unknown god.
    16 | D:1      | Became a worshipper of Hepliaklqana the Forgotten
    16 | D:1      | Reached * piety under Hepliaklqana
   152 | D:2      | Reached XP level 2. HP: 16/19 MP: 0/7
   155 | D:2      | Learned a level 2 spell: Static Discharge
   187 | D:2      | Reached skill level 1 in Fighting
   187 | D:2      | Reached XP level 3. HP: 23/25 MP: 1/8
   567 | D:3      | Noticed Ijyb
   573 | D:3      | HP: 1/25 [/static electricity (3)]
   573 | D:3      | Killed Ijyb
   574 | D:3      | Reached XP level 4. HP: 2/31 MP: 7/10
   727 | D:3      | Learned a level 4 spell: Airstrike
   771 | D:3      | Found Hotugic's Jewellery Boutique.
   854 | D:3      | Noticed Grinder
   908 | D:4      | Found a staircase to the Ecumenical Temple.
   909 | D:4      | Reached ** piety under Hepliaklqana
   910 | D:4      | Remembered your ancestor Ziggy as a knight
  1028 | D:4      | Found Earendil's Dragon-Slaying Spoils.
  1091 | D:5      | Entered Level 5 of the Dungeon
  1096 | D:5      | Reached skill level 2 in Fighting
  1096 | D:5      | Reached skill level 5 in Air Magic
  1096 | D:5      | Reached XP level 5. HP: 36/36 MP: 7/11
  1118 | D:5      | Noticed a bullfrog
  1124 | D:5      | Killed a bullfrog
  1125 | D:5      | Reached XP level 6. HP: 45/45 MP: 8/13
  1156 | D:5      | Noticed a steam dragon
  1210 | D:5      | Found a shimmering blue altar of Sif Muna.
  1215 | D:5      | Killed a steam dragon
  1216 | D:5      | Reached skill level 3 in Fighting
  1216 | D:5      | Reached XP level 7. HP: 33/51 MP: 7/15
  1232 | D:5      | Identified the ring "Aguiz" {Fire rPois}
  1290 | D:5      | Reached skill level 5 in Spellcasting
  1335 | D:5      | Found a shimmering altar of Xom.
  1400 | D:5      | Reached XP level 8. HP: 44/59 MP: 11/16
  1402 | D:5      | Reached skill level 4 in Fighting
  1430 | D:5      | Reached skill level 1 in Invocations
  1481 | D:5      | Found a sacrificial altar of Ru.
  1591 | D:6      | Reached skill level 5 in Fighting
  1624 | D:6      | Gained mutation: You passively map the area around you.
                  | [Meteoran growth]
  1624 | D:6      | Reached XP level 9. HP: 66/66 MP: 9/19
  1624 | D:6      | Found a broken altar of Ashenzari.
  1749 | D:7      | Reached *** piety under Hepliaklqana
  1851 | D:7      | Reached skill level 5 in Invocations
  1855 | D:7      | Reached skill level 6 in Fighting
  1866 | D:7      | Found Higgux's Antique Weapon Emporium.
  1879 | D:7      | Noticed a hornet
  1888 | D:7      | Killed a hornet
  1999 | D:7      | Reached XP level 10. HP: 57/75 MP: 9/22
  2034 | D:7      | Noticed Prince Ribbit
  2040 | D:7      | Killed Prince Ribbit
  2041 | D:7      | Reached skill level 7 in Fighting
  2163 | D:8      | Noticed a two-headed ogre
  2171 | D:8      | Killed a two-headed ogre
  2172 | D:8      | Reached skill level 10 in Air Magic
  2354 | D:8      | Reached skill level 8 in Fighting
  2600 | D:9      | Found a blossoming altar of Fedhas.
  2642 | D:9      | Reached XP level 11. HP: 84/84 MP: 16/25
  2760 | D:9      | Reached skill level 10 in Spellcasting
  2777 | D:9      | Reached skill level 9 in Fighting
  2803 | D:9      | Reached skill level 5 in Dodging
  2920 | D:10     | Entered Level 10 of the Dungeon
  2922 | D:10     | Reached skill level 1 in Evocations
  2992 | D:10     | Noticed Gastronok
  3019 | D:10     | Reached **** piety under Hepliaklqana
  3102 | D:10     | Found a white marble altar of Elyvilon.
  3104 | D:10     | Noticed Fannar
  3123 | D:10     | Noticed a two-headed ogre
  3127 | D:10     | Killed Fannar
  3135 | D:10     | Killed a two-headed ogre
  3225 | D:10     | Reached skill level 10 in Fighting
  3239 | D:10     | Noticed Amaemon
  3247 | D:10     | Killed Amaemon
  3248 | D:10     | Reached XP level 12. HP: 85/95 MP: 1/27
  3487 | D:11     | Noticed Psyche
  3489 | D:11     | Killed Psyche
  3490 | D:11     | Reached skill level 11 in Fighting
  3509 | D:11     | Reached skill level 1 in Shields
  3562 | D:11     | Found a gate leading to a gauntlet.
  3574 | Gauntlet | Entered a Gauntlet
  3574 | Gauntlet | Found a transporter.
  3574 | Gauntlet | Found a transporter.
  3574 | Gauntlet | Found a transporter.
  3575 | Gauntlet | Found a transporter.
  3578 | Gauntlet | Found a transporter.
  3579 | Gauntlet | Found a transporter.
  3586 | Gauntlet | Found a transporter.
  3588 | Gauntlet | Found a transporter.
  3589 | Gauntlet | Found a transporter.
  3591 | Gauntlet | Found a large runed translucent door.
  3591 | Gauntlet | Found a transporter.
  3592 | Gauntlet | Found a large runed translucent door.
  3593 | Gauntlet | Found a large runed translucent door.
  3593 | Gauntlet | Found a large runed translucent door.
  3593 | Gauntlet | Found a runed translucent door.
  3593 | Gauntlet | Found a runed translucent door.
  3593 | Gauntlet | Noticed a wizard
  3594 | Gauntlet | Found a large runed translucent door.
  3595 | Gauntlet | Found a large runed translucent door.
  3595 | Gauntlet | Noticed a wizard
  3596 | Gauntlet | Found a large runed translucent door.
  3596 | Gauntlet | Found a large runed translucent door.
  3597 | Gauntlet | Found a runed translucent gate.
  3597 | Gauntlet | Found a runed translucent gate.
  3599 | Gauntlet | Found a transporter.
  3599 | Gauntlet | Found a transporter.
  3599 | Gauntlet | Noticed a sixfirhy
  3600 | Gauntlet | Noticed a sixfirhy
  3687 | Gauntlet | Identified the -2 cloak of Context {Harm rElec rF++ Regen+}
  3712 | Gauntlet | Killed a wizard
  3723 | Gauntlet | Killed a wizard
  3726 | Gauntlet | Noticed a sixfirhy
  3730 | Gauntlet | Identified the ring of Atutiquz {Int+6 SInv}
  3849 | Gauntlet | Identified the +6 great sword of Susio {freeze, rPois rC-
                  | rN+}
  3849 | Gauntlet | Noticed a minotaur
  3855 | Gauntlet | Killed a minotaur
  3897 | D:11     | Noticed a two-headed ogre
  3901 | D:11     | Killed a two-headed ogre
  3902 | D:11     | Reached skill level 12 in Fighting
  3902 | D:11     | Reached skill level 1 in Staves
  3902 | D:11     | Reached XP level 13. HP: 106/106 MP: 15/28
  4221 | D:11     | Reached skill level 5 in Evocations
  4221 | D:11     | Found a staircase to the Lair.
  4226 | Lair:1   | Entered Level 1 of the Lair of Beasts
  4299 | Lair:1   | Identified the +0 pair of gloves of Riexoud {Regen+ Int+4}
  4326 | Lair:1   | Reached skill level 5 in Staves
  4407 | Lair:1   | Noticed a catoblepas
  4416 | Lair:1   | Killed a catoblepas
  4525 | Lair:1   | Reached skill level 13 in Fighting
  4541 | Lair:2   | Found a transporter.
  4554 | Lair:2   | Found a transporter.
  4579 | Lair:2   | Reached ***** piety under Hepliaklqana
  4614 | Lair:2   | Found a staircase to the Shoals.
  4625 | Lair:2   | Reached XP level 14. HP: 99/116 MP: 4/29
  4667 | Lair:2   | Collided with a briar patch

Illustrated notes

Levels and vault maps discovered:
D:1:      noname_arrival_rooms_in_the_neighbourhood, layout_basic,
          ebering_ecumenical_altar_mist, dk_noncrumbling_3
D:2:      layout_basic, kennysheep_generic_room_3
D:3:      layout_basic, marbit_many_paths, serial_shops,
          nicolae_shop_behind_doors, uniq_terence, uniq_ijyb, uniq_grinder
D:4:      layout_basic, minmay_temple_entry_sparse_star,
          nicolae_shop_dragon_depot, grunt_decor_junction
D:5:      layout_loops_ring, mainiacjoe_overflow_boulevard,
          mainiacjoe_overflow_alcove_4,
          chequers_temple_overflow_statue_of_worship
D:6:      layout_cave_pools, ashenzari_conservatory_becter,
          lemuel_coloured_pillars_altar
D:7:      layout_loops_ring, serial_shops, shop, minmay_hedge_maze,
          nicolae_hexahallways, uniq_prince_ribbit1, uniq_crazy_yiuf_cottage,
          uniq_joseph
D:8:      layout_rooms
D:9:      layout_gridville, fedhas_altar_2
D:10:     layout_rooms, kennysheep_mini, elyvilon_altar_4,
          minmay_quadrilaterals, uniq_fannar, uniq_amaemon, uniq_gastronok
D:11:     layout_basic, erik_lair_dragon, gauntlet_entry_generic, uniq_psyche
Lair:1:   layout_chaotic_city, pdpol_lair_cavern_descent
Lair:2:   gammafunk_worm_tunnel, layout_chaotic_city,
          nicolae_shoals_entry_roost, nicolae_spider_entry_non_spiders

Skill      XL: |  1  2  3  4  5  6  7  8  9 10 11 12 13 |
---------------+----------------------------------------+-----
Spellcasting   | 3 4 5 6 7 9 10 | 10.3
Air Magic      | 4 5 6 7 8 9 10 12 | 12.2
Fighting       | 1 2 3 5 6 8 10 12 13 | 13.3
Invocations    | 3 6 8 |  8.1
Dodging        | 3 7 9 |  9.9
Evocations     | 4 7 |  7.5
Shields        | 4 |  4.6
Staves         | 1 6 |  6.0
Stealth        | |  1.4
Conjurations   | |  1.2

Action                     |  1- 3 |  4- 6 |  7- 9 | 10-12 | 13-15 || total
---------------------------+-------+-------+-------+-------+-------++-------
  Melee: Unarmed           |    10 |       |       |       |       ||    10
         Dagger            |     3 |     4 |     6 |    18 |       ||    31
         Scimitar          |       |       |       |    20 |       ||    20
         Punch             |       |       |       |     2 |       ||     2
         Staff             |       |       |       |       |    35 ||    35
   Cast: Shock             |    35 |    27 |    65 |   110 |    13 ||   250
         Static Discharge  |     5 |     6 |    14 |    19 |    13 ||    57
         Airstrike         |       |       |    27 |    95 |    84 ||   206
 Invoke: Recall Ancestor   |       |     1 |     3 |     4 |       ||     8
         Ancestor Life: Kn |       |     1 |       |       |       ||     1
         Ancestor Identity |       |       |     1 |       |       ||     1
         Idealise          |       |       |       |     2 |       ||     2
  Evoke: Wand              |       |       |       |    22 |       ||    22
    Use: Potion            |     1 |       |       |     5 |     1 ||     7
         Scroll            |       |     3 |     6 |     6 |     3 ||    18
   Stab: Paralysed         |       |       |       |    17 |       ||    17
 Armour: Robe              |     5 |     4 |     3 |    19 |       ||    31
         Leather armour    |       |       |     5 |    11 |       ||    16
         Acid dragon scale |       |       |       |     8 |    18 ||    26
  Dodge: Dodged            |    24 |    15 |    28 |    67 |    50 ||   184

Table legend: (Time is in decaauts)
 A = Elapsed time spent in this place.
 B = Non-inter-level travel time spent in this place.
 C = Inter-level travel time spent in this place.
 D = Time resting spent in this place.
 E = Time spent auto-exploring this place.
 F = Levels seen in this place.
 G = Mean time per level.
                   A        B        C        D        E       F      G
               +--------+--------+--------+--------+--------+-----+--------+
         Total |   4685 |   4273 |    412 |    270 |      8 |  14 |  334.6 |
       Dungeon |   3937 |   3525 |    412 |    165 |      8 |  11 |  357.9 |
          Lair |    441 |    441 |      0 |      0 |      0 |   2 |  220.5 |
      Gauntlet |    306 |    306 |      0 |    105 |      0 |   1 |  306.0 |
               +--------+--------+--------+--------+--------+-----+--------+

Top non-repeatable levels by time:
     D:9: 567 daAuts
    D:10: 477 daAuts
    D:11: 432 daAuts
     D:2: 423 daAuts
     D:7: 405 daAuts
     D:5: 396 daAuts
     D:3: 338 daAuts
  Lair:1: 318 daAuts
Gauntlet: 306 daAuts
     D:8: 298 daAuts
     D:6: 248 daAuts
     D:4: 207 daAuts
     D:1: 143 daAuts
  Lair:2: 122 daAuts
